 Seeded DCSS version 0.31-a0-229-g1fc7ce93e2 (webtiles) character file.

Game seed: 705649268257728946 (custom seed)

25 innerfire43 the Trooper (level 2, -4/24 HPs)
             Began as a Demonspawn Monk on July 6, 2023.
             Killed from afar by Terence (10 damage)
             ... with a puff of flame
             ... on level 2 of the Dungeon.
             The game lasted 00:00:52 (1105 turns).

innerfire43 the Trooper (Demonspawn Monk)           Turns: 1105, Time: 00:00:52

Health: -4/24      AC:  2    Str: 11    XL:     2   Next: 86%
Magic:  2/2        EV: 13    Int: 11    God:
Gold:   57         SH:  0    Dex: 15    Spells: 1/1 levels left

rFire   . . .        n - +0 war axe
rCold   . . .        d - orb {light}
rNeg    . . .        b - +0 robe
rPois   .            (no helmet)
rElec   .            (no cloak)
rCorr   .            (no gloves)
SInv    .            (no boots)
Will    .....        (no amulet)
Stlth   +            (no ring)
HPRegen 0.24/turn    (no ring)
MPRegen 0.08/turn

%: no passive effects
@: glowing
A: claws 1
a: no special abilities


You were on level 2 of the Dungeon.
You visited 1 branch of the dungeon, and saw 2 of its levels.

You collected 57 gold pieces.

Inventory:

Hand Weapons
 a - a +0 hand axe
 n - a +0 war axe (weapon)
Armour
 b - a +0 robe (worn)
 d - an orb of light (worn)
Scrolls
 g - a scroll of blinking {unknown}
 i - a scroll of immolation {unknown}
 j - a scroll of teleportation {unknown}
 k - a scroll of fog {unknown}
 l - a scroll of identify {unknown}
 m - a scroll of acquirement {unknown}
Potions
 c - 3 potions of ambrosia
 e - 2 potions of mutation {unknown}
 f - a potion of berserk rage {unknown}
 h - a potion of resistance {unknown}


   Skills:
 + Level 3.3 Fighting
 * Level 3.3 Axes
 + Level 3.0 Dodging


You had one spell level left.
You didn't know any spells.
Your spell library was empty.

Dungeon Overview and Level Annotations

Branches:
Dungeon (2/15)

Altars:

Annotations:
D:2 Terence


Innate Abilities, Weirdness & Mutations

You have sharp fingernails.


Message History

You barely miss the bat. The bat closely misses you.
You hit the bat.
You kill the bat!
You see here a bat corpse.
You open the door.
There is an open door here.
A dart slug comes into view.
A dart slug is nearby!
The dart slug launches a dart at you. The slug dart hits you.
Terence the Incautious comes into view.
He is wielding a +0 mace and carrying a wand of flame (16).
Found a stone staircase leading down.
Terence shouts!
A rat comes into view.
A rat comes into view.
Terence zaps a wand.
The puff of flame hits you! The dart slug closely misses you.
You are too injured to fight recklessly!
You are too injured to fight recklessly!
Unknown command.
You slash the dart slug!
You kill the dart slug!
The rat bites you but does no damage.
Your Dodging skill increases to level 3!
You hit Terence.
Terence is moderately wounded.
You hit the rat but do no damage.
Terence says, "Time to say good-bye..."
Terence closely misses you. The rat bites you but does no damage.
You hit Terence but do no damage.
Terence is moderately wounded.
You hit the rat.
You kill the rat!
Terence zaps a wand.
The puff of flame hits you!
* * * LOW HITPOINT WARNING * * *
Unknown command.
You hit Terence but do no damage.
Terence is moderately wounded.
Terence zaps a wand.
The puff of flame hits you!
You die...

# # #+# .........#
# #.# ........# #
#.# ........# #
#.#### ........#
#####....#
#.......#
.........#
#......>#
........## #r....#
#######.#
######@@...#
#.....†#
#.....#+##.#
#......# #.....#
#......# #.....# #
#......# #.....#...
#......# #.......#
##......###.......#
##........#.......#
######....#.....###


You could see Terence and a rat.

Vanquished Creatures
  A dart slug (D:2)
  A worm (D:2)
  3 bats
  2 endoplasms (D:2)
  A goblin (D:1)
  5 hobgoblins
  A quokka (D:2)
  2 frilled lizards
  3 kobolds (D:1)
  2 rats
21 creatures vanquished.

Notes
Turn   | Place    | Note
-------+----------+-------------------------------------------
     0 | D:1      | innerfire43 the Demonspawn Monk began the quest for the
                  | Orb.
     0 | D:1      | Reached XP level 1. HP: 18/18 MP: 1/1
   379 | D:1      | Gained mutation: You have sharp fingernails. [demonic
                  | ancestry]
   379 | D:1      | Reached XP level 2. HP: 24/24 MP: 2/2
  1100 | D:2      | Noticed Terence
  1105 | D:2      | Killed from afar by Terence

Illustrated notes

Levels and vault maps discovered:
D:1:      minmay_arrival_widening_spiral_narrow, layout_basic
D:2:      layout_basic, shapermc_ecumenical_altar_mp_highgroup, uniq_terence,
          uniq_sigmund

Skill      XL: |  1  2 |
---------------+-------+-----
Axes           | 3 |  3.3
Dodging        | 3 |  3.0
Fighting       | |  3.3

Action                     || total
---------------------------++-------
  Melee: Hand axe          ||    48
         War axe           ||     7
 Armour: Robe              ||     8
  Dodge: Dodged            ||    37

Table legend: (Time is in decaauts)
 A = Elapsed time spent in this place.
 B = Non-inter-level travel time spent in this place.
 C = Inter-level travel time spent in this place.
 D = Time resting spent in this place.
 E = Time spent auto-exploring this place.
 F = Levels seen in this place.
 G = Mean time per level.
                   A        B        C        D        E       F      G
               +--------+--------+--------+--------+--------+-----+--------+
         Total |   1113 |   1113 |      0 |      0 |    960 |   2 |  556.5 |
       Dungeon |   1113 |   1113 |      0 |      0 |    960 |   2 |  556.5 |
               +--------+--------+--------+--------+--------+-----+--------+

Top non-repeatable levels by time:
     D:1: 642 daAuts
     D:2: 471 daAuts
